 Dungeon Crawl Stone Soup version 0.25.1-2-g60ff931df9 (webtiles) character file.

Game seed: 15841207024810841114

452 ArchParadox the Poker (level 6, 0/57 HPs)
             Began as a Minotaur Fighter on Sept 21, 2020.
             Was an Initiate of Okawaru.
             Killed from afar by an orc wizard (3 damage)
             ... with a magic dart
             ... on level 4 of the Dungeon.
             The game lasted 00:14:14 (3765 turns).

ArchParadox the Poker (Minotaur Fighter)            Turns: 3765, Time: 00:14:14

Health: 0/57       AC:  4    Str: 22    XL:     6   Next: 75%
Magic:  5/5        EV:  8    Int:  5    God:    Okawaru [......]
Gold:   192        SH:  9    Dex: 10    Spells: 5/5 levels left

rFire    . . .     SeeInvis .   a - +0 trident
rCold    . . .     Gourm    .   c - +0 kite shield
rNeg     . . .     Faith    .   n - +0 troll leather armour {Purgy}
rPois    .         Spirit   .   (helmet restricted)
rElec    .         Reflect  .   (no cloak)
rCorr    .         Harm     .   (no gloves)
MR       .....                  (no boots)
Stlth    +.........             (no amulet)
HPRegen  0.59/turn              (no ring)
MPRegen  0.09/turn              (no ring)

@: lethally poisoned (0 -> -1), slowed, lightly drained, very slow
A: retaliatory headbutt, horns 2
a: Renounce Religion


You were on level 4 of the Dungeon.
You worshipped Okawaru.
Okawaru was noncommittal.
You were not hungry.

You visited 1 branch of the dungeon, and saw 4 of its levels.
You also visited: Sewer.

You collected 192 gold pieces.

Inventory:

Hand Weapons
 a - a +0 trident (weapon)
 x - a +0 morningstar
 C - a +1 dagger of electrocution
 H - a +0 quarterstaff
Missiles
 e - 208 stones
 y - 9 boomerangs (quivered)
Armour
 b - a +0 scale mail
 c - a +0 kite shield (worn)
 j - a +0 helmet
 n - a +0 troll leather armour (worn) {Purgy}
 w - a +0 pair of gloves
Jewellery
 m - an uncursed amulet of reflection {unknown}
 t - a +4 ring of evasion {unknown}
Scrolls
 h - 2 scrolls of immolation {unknown}
 i - 2 scrolls of teleportation {unknown}
 p - 4 scrolls of fear {unknown}
 r - 2 scrolls of enchant weapon {unknown}
 u - 2 scrolls of random uselessness {unknown}
 B - a scroll of remove curse {unknown}
 D - 2 scrolls of blinking {unknown}
 G - a scroll of identify {unknown}
Potions
 d - 2 potions of might
 g - a potion of haste {unknown}
 k - 5 potions of flight {unknown}
 l - 2 potions of magic {unknown}
 o - 2 potions of curing {unknown}
 s - a potion of heal wounds {unknown}
 v - a potion of lignification {unknown}
 z - a potion of degeneration {unknown}
 A - a potion of berserk rage {unknown}
 E - a potion of cancellation {unknown}
 F - a potion of ambrosia {unknown}
Comestibles
 f - 6 rations
 q - 8 chunks of flesh


   Skills:
 - Level 6.0(5.8) Fighting
 * Level 7.4(7.3) Polearms
 - Level 3.6(3.5) Armour
 - Level 3.6(3.5) Shields


You had 5 spell levels left.
You didn't know any spells.
Your spell library contained the following spells:

 Spells                   Type           Power        Failure   Level  Hunger
 Magic Dart               Conj           #...         95%         1    ##.....
 Blink                    Tloc           N/A          99%         2    ###....
 Call Imp                 Summ           #.......     99%         2    ###....
 Slow                     Hex            #.......     99%         2    ###....
 Conjure Flame            Conj/Fire      #.......     100%        3    ####...
 Mephitic Cloud           Conj/Pois/Air  #.......     100%        3    ####...


Dungeon Overview and Level Annotations

Branches:
Dungeon (4/15)              Sewer (visited)
 Temple: D:4-7

Altars:
Ashenzari
Gozag
Okawaru
Trog
Yredelemnul
Zin


Innate Abilities, Weirdness & Mutations

You reflexively headbutt those who attack you in melee.
You have a pair of horns on your head.


Message History

The puff of flame hits you.
* * * LOW HITPOINT WARNING * * *
You block the orc wizard's attack. You block the orc wizard's attack.
The adder bites you.
* * * LOW HITPOINT WARNING * * *
You are poisoned.
The adder poisons you!
The orc wizard hits you but does no damage.
The orc wizard hits you with a +0 dagger.
* * * LOW HITPOINT WARNING * * *
You feel sick. The orc wizard casts a spell at you. The magic dart hits you!
* * * LOW HITPOINT WARNING * * *
The adder bites you.
* * * LOW HITPOINT WARNING * * *
You hear some strange, mumbled words.
A magic dart appears from out of thin air!
The magic dart hits you.
You die...

......####...###.# #.......#....
.................# ###...........
.................# ..#...........
.........../.....#...#..........#
.................#...#...##+#.#.#
...........#####+#...#...##.#...#
..(................# #......#...#
...............oo..###......#...#
...............S@...........#....
...............{.........##.#.###
...........#####+#..........#.#..
...........# # #..........#....
....))[....# #. .#...[......#....
......########...#..........#...#
.....).......#...#.......##......
....>#.......#.......)........##+
.....#.<.....###.......)[.....#..


You could see 2 orc wizards and an adder.

Vanquished Creatures
  Purgy (Sewer)
  2 orc wizards
  A worker ant (D:4)
  7 gnolls
  7 adders
  A river rat (D:3)
  An ooze (D:3)
  An adder skeleton (D:4)
  2 worms (D:2)
  2 dart slugs
  4 leopard geckos
  15 orcs
  5 giant cockroaches
  13 goblins
  10 hobgoblins
  4 jackals (D:1)
  5 kobolds
  A quokka (D:2)
  5 ball pythons
  8 bats
  6 frilled lizards
  16 rats
117 creatures vanquished.

Notes
Turn   | Place    | Note
-------+----------+-------------------------------------------
     0 | D:1      | ArchParadox the Minotaur Fighter began the quest for the
                  | Orb.
     0 | D:1      | Reached XP level 1. HP: 19/19 MP: 0/0
   110 | D:1      | Reached skill level 3 in Polearms
   136 | D:1      | Reached XP level 2. HP: 18/27 MP: 1/1
   526 | D:1      | Reached XP level 3. HP: 33/33 MP: 2/2
   652 | D:2      | You fall into a shaft and drop 1 floor!
   687 | D:3      | Reached skill level 4 in Polearms
   749 | D:3      | Found a glowing drain.
   948 | Sewer    | Entered a sewer
   969 | Sewer    | Noticed Purgy
   988 | Sewer    | Killed Purgy
   988 | Sewer    | Reached skill level 5 in Fighting
   988 | Sewer    | Reached skill level 5 in Polearms
   988 | Sewer    | Reached XP level 4. HP: 6/42 MP: 3/3
   988 | Sewer    | Reached XP level 5. HP: 7/48 MP: 4/4
  1529 | D:3      | Found a basalt altar of Yredelemnul.
  1552 | D:3      | Reached skill level 6 in Polearms
  1788 | D:3      | Found a bloodstained altar of Trog.
  1897 | D:3      | Found a shattered altar of Ashenzari.
  2309 | D:2      | Reached XP level 6. HP: 20/56 MP: 5/5
  2491 | D:2      | Found an iron altar of Okawaru.
  2568 | D:2      | Became a worshipper of Warmaster Okawaru
  2760 | D:2      | Found an opulent altar of Gozag.
  3262 | D:3      | Reached skill level 7 in Polearms
  3415 | D:4      | Found a glowing silver altar of Zin.
  3765 | D:4      | Killed from afar by an orc wizard

Illustrated notes

Levels and vault maps discovered:
D:1:      nzn_arrival_water_spiral, layout_rooms
D:2:      layout_basic, lemuel_coloured_pillars_altar, grunt_gozag_statues
D:3:      layout_loops_ring, nicolae_overflow_hidden_temple,
          yredelemnul_altar_generic, lemuel_crystal_altar, portal_sewer_entry_b,
          first_ration, hangedman_decor_push
D:4:      layout_basic, demons_altar, zin_academy, st_stairs_5,
          minmay_a_box_with_orc_wizards_in_it

Skill      XL: |  1  2  3  4  5  6 |
---------------+-------------------+-----
Polearms       | 3 5 6 7 |  7.4
Fighting       | 4 5 6 |  6.0
Armour         | |  3.6
Shields        | |  3.6

Action                   |  1- 3 |  4- 6 || total
-------------------------+-------+-------++-------
Melee: Trident           |   114 |   231 ||   345
       Headbutt          |    16 |    32 ||    48
 Stab: Distracted        |       |     1 ||     1
  Eat: Chunk             |       |    10 ||    10
Armor: Scale mail        |    37 |       ||    37
       Troll leather arm |       |    48 ||    48
Dodge: Dodged            |    40 |    67 ||   107
Block: Kite shield       |    40 |   108 ||   148
